NYP
ROME BRAVES @ LOS ANGELES (NYP) DODGERS
04/19/2047
 
TOP OF THE 1ST
Rome Braves batting - Pitching for Los Angeles (NYP) Dodgers : RHP Dan Marino IV
Pitching: RHP Dan Marino IV
Batting: RHB Zheng-ze King 0-0: Called Strike
0-1: Ball
1-1: Foul Ball, location: 2F
1-2: Strikes out looking
Batting: RHB Gebre-Giorgios Wangondu 0-0: Ball
1-0: Fly out, F7 (Line Drive, 5D, EV 65.0 MPH)
Batting: LHB Tamaichi Sasada 0-0: Called Strike
0-1: Ball
1-1: Ball
2-1: Ball
3-1: Foul Ball, location: 2F
3-2: Ground out 6-3 (Groundball, 4MD, EV 97.5 MPH)
Top of the 1st over - 0 runs, 0 hits, 0 errors, 0 left on base; Rome 0 - Los Angeles (NYP) 0
BOTTOM OF THE 1ST
Los Angeles (NYP) Dodgers batting - Pitching for Rome Braves : RHP Gabe Fillmore
Pitching: RHP Gabe Fillmore
Batting: RHB Theo Schepers 0-0: Ball
1-0: Called Strike
1-1: SINGLE (Groundball, 23, EV 63.1 MPH) (infield hit)
Batting: RHB Ivan Ramirez 0-0: Ball
1-0: Fielders Choice at 2nd, 5-4 (Groundball, 56S, EV 81.2 MPH)
Batting: RHB Steve Perez 0-0: Ball
1-0: Foul Ball, location: 2F
1-1: Foul Ball, location: 2F
1-2: Fielders Choice at 2nd, 4-6 (Groundball, 4, EV 99.4 MPH)
Batting: LHB Hyoji Toda 0-0: Ball
Steve Perez steals 2nd base
1-0: Ball
2-0: Foul Ball, location: 2F
2-1: Ball
3-1: Swinging Strike
3-2: Foul Ball, location: 2F
3-2: Base on Balls
Batting: RHB Robby Cuellar 0-0: Called Strike
0-1: Fielders Choice at 2nd, 6-4 (Groundball, 6D, EV 105.0 MPH)
Bottom of the 1st over - 0 runs, 1 hit, 0 errors, 2 left on base; Rome 0 - Los Angeles (NYP) 0
TOP OF THE 2ND
Rome Braves batting - Pitching for Los Angeles (NYP) Dodgers : RHP Dan Marino IV
Batting: RHB Terry Hughes 0-0: Foul Ball, location: 2F
0-1: Called Strike
0-2: Strikes out swinging
Batting: RHB Armando Moz 0-0: Called Strike
0-1: Ball
1-1: Ball
2-1: Swinging Strike
2-2: Foul Ball, location: 2F
2-2: Strikes out swinging
Batting: RHB Adonis Jenifer 0-0: Ball
1-0: Foul Ball, location: 2F
1-1: Called Strike
1-2: Ball
2-2: Ground out 4-3 (Groundball, 34, EV 84.4 MPH)
Top of the 2nd over - 0 runs, 0 hits, 0 errors, 0 left on base; Rome 0 - Los Angeles (NYP) 0
BOTTOM OF THE 2ND
Los Angeles (NYP) Dodgers batting - Pitching for Rome Braves : RHP Gabe Fillmore
Batting: RHB Ruben Serrata 0-0: Ball
1-0: Ground out 4-3 (Groundball, 4, EV 87.5 MPH)
Batting: RHB Alex Mejia 0-0: Ball
1-0: Called Strike
1-1: Foul Ball, location: 2F
1-2: Ground out 5-3 (Groundball, 56, EV 104.4 MPH)
Batting: LHB Bobby Gambrell 0-0: Ball
1-0: Called Strike
1-1: Foul Ball, location: 2F
1-2: Ground out U3 (Groundball, 3, EV 81.2 MPH)
Bottom of the 2nd over - 0 runs, 0 hits, 0 errors, 0 left on base; Rome 0 - Los Angeles (NYP) 0
TOP OF THE 3RD
Rome Braves batting - Pitching for Los Angeles (NYP) Dodgers : RHP Dan Marino IV
Batting: RHB Dave Pizarro 0-0: Ball
1-0: Ball
2-0: Called Strike
2-1: DOUBLE (Line Drive, 78D, EV 106.2 MPH)
Batting: RHB Phil Holman 0-0: Called Strike
Dave Pizarro steals 3rd base
0-1: Called Strike
0-2: Strikes out swinging
Batting: RHB Vicente Guillen 0-0: Ball
1-0: Called Strike
1-1: Ball
2-1: Foul Ball, location: 2F
2-2: Strikes out swinging
Batting: RHB Zheng-ze King 0-0: Called Strike
0-1: Swinging Strike
0-2: Foul Ball, location: 2F
0-2: Ground out 1-3 (Groundball, 13, EV 71.9 MPH)
Top of the 3rd over - 0 runs, 1 hit, 0 errors, 1 left on base; Rome 0 - Los Angeles (NYP) 0
BOTTOM OF THE 3RD
Los Angeles (NYP) Dodgers batting - Pitching for Rome Braves : RHP Gabe Fillmore
Batting: RHB Kevin Ezell 0-0: Ball
1-0: Swinging Strike
1-1: Ball
2-1: Called Strike
2-2: SOLO HOME RUN (Flyball, 78XD, EV 101.9 MPH) (Inside the Park)
Batting: RHB Theo Schepers 0-0: Ball
1-0: Fly out, F7 (Flyball, 7, EV 80.0 MPH)
Batting: RHB Ivan Ramirez 0-0: Foul Ball, location: 2F
0-1: SINGLE (Line Drive, 89S, EV 103.8 MPH)
Batting: RHB Steve Perez 0-0: Called Strike
0-1: Swinging Strike
0-2: Foul Ball, location: 2F
0-2: Ball
1-2: Ball
2-2: Foul Ball, location: 2F
2-2: SINGLE (Line Drive, 89S, EV 103.1 MPH)
Ivan Ramirez to second
Batting: LHB Hyoji Toda 0-0: Foul Ball, location: 2F
0-1: Foul Ball, location: 2F
0-2: Fly out, F7 (Flyball, 7LM, EV 82.5 MPH)
Batting: RHB Robby Cuellar 0-0: Called Strike
0-1: SINGLE (Groundball, 4MD, EV 100.6 MPH)
Ivan Ramirez to third
Steve Perez to second
Throwing error, E8
Ivan Ramirez scores
Steve Perez to third
Robby Cuellar to second
Batting: RHB Ruben Serrata 0-0: Ball
1-0: DOUBLE (Line Drive, 9LS, EV 98.1 MPH)
Steve Perez scores
Robby Cuellar scores
Batting: RHB Alex Mejia 0-0: DOUBLE (Groundball, 5L, EV 101.9 MPH)
Ruben Serrata scores
Batting: LHB Bobby Gambrell 0-0: Ground out 5-3 (Groundball, 56, EV 88.1 MPH)
Bottom of the 3rd over - 5 runs, 6 hits, 1 error, 1 left on base; Rome 0 - Los Angeles (NYP) 5
TOP OF THE 4TH
Rome Braves batting - Pitching for Los Angeles (NYP) Dodgers : RHP Dan Marino IV
Batting: RHB Gebre-Giorgios Wangondu 0-0: Swinging Strike
0-1: SINGLE (Groundball, 4MS, EV 71.2 MPH) (infield hit)
Batting: LHB Tamaichi Sasada 0-0: Ball
1-0: Fly out, F6 (Popup, 6MD, EV 63.1 MPH)
Batting: RHB Terry Hughes 0-0: Ball
1-0: Called Strike
Gebre-Giorgios Wangondu steals 2nd base
1-1: Called Strike
Gebre-Giorgios Wangondu is caught stealing 3rd base 2-5
1-2: Ball
2-2: Ball
3-2: Ground out 5-3 (Groundball, 5L, EV 84.4 MPH)
Top of the 4th over - 0 runs, 1 hit, 0 errors, 0 left on base; Rome 0 - Los Angeles (NYP) 5
BOTTOM OF THE 4TH
Los Angeles (NYP) Dodgers batting - Pitching for Rome Braves : RHP Gabe Fillmore
Batting: RHB Kevin Ezell 0-0: Called Strike
0-1: Ball
1-1: Ball
2-1: Foul Ball, location: 2F
2-2: Strikes out looking
Batting: RHB Theo Schepers 0-0: Called Strike
0-1: Swinging Strike
0-2: Foul Ball, location: 2F
0-2: Ball
1-2: DOUBLE (Groundball, 5L, EV 100.6 MPH)
Batting: RHB Ivan Ramirez 0-0: Ball
1-0: Swinging Strike
1-1: Ball
2-1: Foul Ball, location: 2F
2-2: Strikes out swinging
Batting: RHB Steve Perez 0-0: Called Strike
0-1: Ball
1-1: Foul Ball, location: 2F
1-2: SINGLE (Groundball, 6MD, EV 105.0 MPH)
Theo Schepers to third
Pitching: RHP Jeremy Mash
Batting: LHB Hyoji Toda 0-0: Foul Ball, location: 2F
0-1: Ball
1-1: Fly out, F9 (Flyball, 9S, EV 83.1 MPH)
Bottom of the 4th over - 0 runs, 2 hits, 0 errors, 2 left on base; Rome 0 - Los Angeles (NYP) 5
TOP OF THE 5TH
Rome Braves batting - Pitching for Los Angeles (NYP) Dodgers : RHP Dan Marino IV
Batting: RHB Armando Moz 0-0: Called Strike
0-1: Ball
1-1: Foul Ball, location: 2F
1-2: Ball
2-2: Foul Ball, location: 2F
2-2: Ball
3-2: Foul Ball, location: 2F
3-2: Strikes out swinging
Batting: RHB Adonis Jenifer 0-0: Called Strike
0-1: Foul Ball, location: 2F
0-2: Strikes out swinging
Batting: RHB Dave Pizarro 0-0: Called Strike
0-1: Swinging Strike
0-2: Ball
1-2: Strikes out swinging
Top of the 5th over - 0 runs, 0 hits, 0 errors, 0 left on base; Rome 0 - Los Angeles (NYP) 5
BOTTOM OF THE 5TH
Los Angeles (NYP) Dodgers batting - Pitching for Rome Braves : RHP Jeremy Mash
Batting: RHB Robby Cuellar 0-0: Ball
1-0: Fly out, F8 (Flyball, 8RD, EV 75.6 MPH)
Batting: RHB Ruben Serrata 0-0: Fly out, F8 (Flyball, 8RM, EV 85.0 MPH)
Batting: RHB Alex Mejia 0-0: Ground out 4-3 (Groundball, 4S, EV 89.4 MPH)
Bottom of the 5th over - 0 runs, 0 hits, 0 errors, 0 left on base; Rome 0 - Los Angeles (NYP) 5
TOP OF THE 6TH
Rome Braves batting - Pitching for Los Angeles (NYP) Dodgers : RHP Dan Marino IV
Batting: RHB Phil Holman 0-0: Ball
1-0: DOUBLE (Line Drive, 3D, EV 96.2 MPH)
Batting: RHB Vicente Guillen 0-0: Ball
Phil Holman steals 3rd base (no throw)
1-0: Foul Ball, location: 2F
1-1: Foul Ball, location: 2F
1-2: Ground out 5-3 (Groundball, 56, EV 93.8 MPH)
Phil Holman scores
Batting: RHB Zheng-ze King 0-0: Ball
1-0: Fly out, F7 (Line Drive, 7, EV 92.5 MPH)
Batting: RHB Gebre-Giorgios Wangondu 0-0: Swinging Strike
0-1: Ball
1-1: Ball
2-1: Foul Ball, location: 2F
2-2: Ball
3-2: Strikes out swinging
Top of the 6th over - 1 run, 1 hit, 0 errors, 0 left on base; Rome 1 - Los Angeles (NYP) 5
BOTTOM OF THE 6TH
Los Angeles (NYP) Dodgers batting - Pitching for Rome Braves : RHP Jeremy Mash
Batting: LHB Bobby Gambrell 0-0: Foul Ball, location: 2F
0-1: Called Strike
0-2: Ball
1-2: Strikes out swinging
Batting: RHB Kevin Ezell 0-0: Fly out, F7 (Flyball, 7D, EV 103.8 MPH)
Batting: RHB Theo Schepers 0-0: Ball
1-0: SINGLE (Groundball, 4M, EV 111.2 MPH) (infield hit)
Batting: RHB Ivan Ramirez 0-0: Ball
1-0: Foul Ball, location: 2F
1-1: Ball
2-1: Called Strike
2-2: SINGLE (Groundball, 4MD, EV 100.0 MPH)
Theo Schepers to second
Runner from 2nd tries for 3rd, SAFE, no throw by CF
Batting: RHB Steve Perez 0-0: Ball
1-0: Ball
2-0: Foul Ball, location: 2F
2-1: Foul Ball, location: 2F
2-2: Ground out 4-3 (Groundball, 34, EV 82.5 MPH)
Bottom of the 6th over - 0 runs, 2 hits, 0 errors, 2 left on base; Rome 1 - Los Angeles (NYP) 5
TOP OF THE 7TH
Rome Braves batting - Pitching for Los Angeles (NYP) Dodgers : RHP Dan Marino IV
Batting: LHB Tamaichi Sasada 0-0: SINGLE (Groundball, 3D, EV 108.1 MPH)
Batting: RHB Terry Hughes 0-0: Ball
1-0: Ball
2-0: Ball
3-0: Called Strike
3-1: Foul Ball, location: 2F
3-2: Fielders Choice at 2nd, 3-6 (Groundball, 34, EV 90.0 MPH)
Batting: RHB Armando Moz 0-0: Foul Ball, location: 2F
0-1: SINGLE (Line Drive, 6MD, EV 108.1 MPH)
Terry Hughes to second
Pitching: RHP Jay Brumfield
Batting: RHB Adonis Jenifer 0-0: Ball
Wild Pitch!
Terry Hughes to third
Armando Moz to second
1-0: Called Strike
1-1: Called Strike
1-2: Ball
2-2: Ball
3-2: Foul Ball, location: 2F
3-2: Strikes out swinging
Batting: RHB Dave Pizarro 0-0: Hit by Pitch
Batting: RHB Phil Holman 0-0: Called Strike
0-1: Foul Ball, location: 2F
0-2: Strikes out swinging
Top of the 7th over - 0 runs, 2 hits, 0 errors, 3 left on base; Rome 1 - Los Angeles (NYP) 5
BOTTOM OF THE 7TH
Los Angeles (NYP) Dodgers batting - Pitching for Rome Braves : RHP Jeremy Mash
Batting: LHB Hyoji Toda 0-0: Foul Ball, location: 2F
0-1: Ball
1-1: Foul Ball, location: 2F
1-2: Hit by Pitch
Batting: RHB Robby Cuellar 0-0: Ball
1-0: Ball
2-0: Ball
3-0: Base on Balls
Hyoji Toda to second
Batting: RHB Ruben Serrata 0-0: SINGLE (Groundball, 5L, EV 95.6 MPH)
Hyoji Toda to third
Robby Cuellar to second
Batting: RHB Alex Mejia 0-0: Called Strike
0-1: Swinging Strike
0-2: Foul Ball, location: 2F
0-2: Ball
1-2: Fly out, F6 (Popup, 6, EV 61.2 MPH)
Batting: LHB Bobby Gambrell 0-0: Called Strike
0-1: Foul Ball, location: 2F
0-2: Fly out, F7 (Flyball, 7S, EV 81.2 MPH)
Pitching: RHP Bobby Feig
Batting: RHB Kevin Ezell 0-0: Called Strike
0-1: Ball
1-1: SINGLE (Groundball, 6MD, EV 98.1 MPH)
Hyoji Toda scores
Robby Cuellar to third
Ruben Serrata to second
Batting: RHB Theo Schepers 0-0: Called Strike
0-1: Fly out, F8 (Flyball, 8RXD, EV 94.4 MPH)
Bottom of the 7th over - 1 run, 2 hits, 0 errors, 3 left on base; Rome 1 - Los Angeles (NYP) 6
TOP OF THE 8TH
Rome Braves batting - Pitching for Los Angeles (NYP) Dodgers : RHP Jay Brumfield
Batting: RHB Vicente Guillen 0-0: Called Strike
0-1: Swinging Strike
0-2: Strikes out swinging
Batting: RHB Zheng-ze King 0-0: Fly out, F8 (Line Drive, 8LM, EV 97.5 MPH)
Batting: RHB Gebre-Giorgios Wangondu 0-0: Swinging Strike
0-1: SINGLE (Line Drive, 56D, EV 98.1 MPH)
Batting: LHB Tamaichi Sasada 0-0: Foul Ball, location: 2F
0-1: Ball
1-1: SINGLE (Line Drive, 7LM, EV 100.0 MPH)
Gebre-Giorgios Wangondu to second
Batting: RHB Terry Hughes 0-0: Ground out 4-3 (Groundball, 4, EV 83.8 MPH)
Top of the 8th over - 0 runs, 2 hits, 0 errors, 2 left on base; Rome 1 - Los Angeles (NYP) 6
BOTTOM OF THE 8TH
Los Angeles (NYP) Dodgers batting - Pitching for Rome Braves : RHP Bobby Feig
Batting: RHB Ivan Ramirez 0-0: Called Strike
0-1: Fly out, F9 (Line Drive, 9LM, EV 93.1 MPH)
Batting: RHB Steve Perez 0-0: Foul Ball, location: 2F
0-1: Foul Ball, location: 2F
0-2: Ball
1-2: Ground out 5-3 (Groundball, 56, EV 76.9 MPH)
Batting: LHB Hyoji Toda 0-0: Ball
1-0: Ball
2-0: Foul Ball, location: 2F
2-1: Ground out U3 (Groundball, 3, EV 103.1 MPH)
Bottom of the 8th over - 0 runs, 0 hits, 0 errors, 0 left on base; Rome 1 - Los Angeles (NYP) 6
TOP OF THE 9TH
Rome Braves batting - Pitching for Los Angeles (NYP) Dodgers : RHP Jay Brumfield
Batting: RHB Armando Moz 0-0: Ball
1-0: Called Strike
1-1: Called Strike
1-2: Foul Ball, location: 2F
1-2: Ball
2-2: Ball
3-2: Base on Balls
Batting: RHB Adonis Jenifer 0-0: Foul Ball, location: 2F
0-1: 2-RUN HOME RUN (Line Drive, 7D, EV 97.5 MPH), Distance : 398 ft
Batting: RHB Dave Pizarro 0-0: Ground out 4-3 (Groundball, 4, EV 105.0 MPH)
Batting: RHB Phil Holman 0-0: Ball
1-0: Swinging Strike
1-1: Foul Ball, location: 2F
1-2: Ball
2-2: Ball
3-2: Foul Ball, location: 2F
3-2: Fly out, F8 (Flyball, 8LS, EV 90.6 MPH)
Pinch Hitting: RHB Josh McCormick 0-0: Called Strike
0-1: Ball
1-1: Foul Ball, location: 2F
1-2: Strikes out swinging
Top of the 9th over - 2 runs, 1 hit, 0 errors, 0 left on base; Rome 3 - Los Angeles (NYP) 6
Thursday, December 15th , 2022 - OOTP Baseball 23.9 Build 102